 Dungeon Crawl Stone Soup version 0.29-a0-338-g1ff7896281 (webtiles) character file.

Game seed: 3763067357759618037

22 Essalna the Conjurer (level 2, 20/25 HPs)
             Began as a Deep Dwarf Conjurer on Apr 19, 2022.
             Got out of the dungeon alive.
             The game lasted 00:01:57 (833 turns).

Essalna the Conjurer (Deep Dwarf Conjurer)           Turns: 833, Time: 00:01:57

Health: 20/25      AC:  3    Str: 10    XL:     2   Next: 68%
Magic:  5/5        EV: 16    Int: 18    God:
Gold:   32         SH:  0    Dex: 11    Spells: 4/5 levels left

rFire   . . .      SeeInvis .   i - +0 short sword (flame)
rCold   . . .      Faith    .   (no shield)
rNeg    . . .      Spirit   .   a - +0 robe
rPois   .          Reflect  .   (no helmet)
rElec   .          Harm     .   (no cloak)
rCorr   .          Rampage  .   (no gloves)
Will    .....                   f - +0 pair of boots
Stlth   ++........              (no amulet)
HPRegen 0.00/turn               g - +4 ring of evasion
MPRegen 0.09/turn               (no ring)

@: no status effects
A: damage resistance, heal wounds, sense surroundings 1, no regeneration
a: Heal Wounds


You escaped.
You visited 1 branch of the dungeon, and saw 1 of its levels.

You collected 32 gold pieces.

Inventory:

Hand Weapons
 i - a +0 short sword of flaming (weapon)
Armour
 a - a +0 robe (worn)
 f - a +0 pair of boots (worn)
Magical Staves
 c - a staff of death
Jewellery
 g - a +4 ring of evasion (left hand)
Scrolls
 d - a scroll of amnesia {unknown}
 h - a scroll of identify {unknown}
Potions
 b - a potion of magic
 e - a potion of haste {unknown}


   Skills:
 + Level 1.1 Fighting
 - Level 2.1 Dodging
 - Level 2.4 Stealth
 + Level 2.1 Spellcasting
 + Level 3.9 Conjurations


You had 4 spell levels left.
You knew the following spells:

 Your Spells              Type           Power      Damage    Failure   Level
a - Magic Dart            Conj           64%        1d6       3%          1

Your spell library contained the following spells:

 Spells                   Type           Power      Damage    Failure   Level
 Searing Ray              Conj           32%        2d5       5%          2
 Dazzling Flash           Conj/Hex       16%        N/A       24%         3
 Fulminant Prism          Conj/Hex       4%         3d6       63%         4
 Iskenderun's Mystic Bla  Conj/Tloc      8%         2d4       63%         4


Dungeon Overview and Level Annotations

Branches:
Dungeon (1/15)

Altars:


Innate Abilities, Weirdness & Mutations

You are resistant to damage.
You can heal yourself by infusing magical energy.
You passively map a small area around you.
You do not regenerate.


Message History

g - a +4 ring of evasion
h - a scroll labelled LEAHAS ANUTZ
g - a +4 ring of evasion (left hand)
A kobold comes into view.
It is wielding a +0 short sword of flaming.
A kobold is nearby!
The magic dart hits the kobold but does no damage.
The kobold shouts!
The magic dart hits the kobold.
The kobold is severely wounded.
The kobold throws a stone.
The stone completely misses you.
The magic dart hits the kobold.
You kill the kobold!
A kobold comes into view. It is wielding a +0 short sword.
The magic dart hits the kobold.
The kobold is moderately wounded.
The magic dart hits the kobold.
You kill the kobold!
You are too depleted to draw on your mana recklessly!
You are too depleted to draw on your mana recklessly!
Things that are here:
a +0 short sword of flaming; 3 stones
i - a +0 short sword of flaming Your +0 short sword of flaming bursts into flame!
i - a +0 short sword of flaming (weapon)
You see here a +0 short sword.
Key pressed, stopping explore.
A kobold comes into view. It is wielding a +0 short sword.
A kobold is nearby!
The magic dart hits the kobold.
The kobold is moderately wounded.
The kobold shouts!
The magic dart hits the kobold.
You kill the kobold!
You can't see any susceptible monsters within range! (Use Z to cast anyway.)
You can't see any susceptible monsters within range! (Use Z to cast anyway.)
You can't see any susceptible monsters within range! (Use Z to cast anyway.) Unknown command.
There is a staircase leading out of the dungeon here.
Are you sure you want to leave the Dungeon?
This will make you lose the game!
You have escaped!

.........# #.# ......####
#.# .......# #.## .....#.#
#..# ######.## ##.#
........# #.# ........##
##.#
..(......♣♣♣♣♣♣♣♣♣♣♣♣♣♣♣..#
................@.........#
.........♣♣♣♣♣♣♣♣♣♣♣♣♣♣♣..##
........############ ##..#
................ ..# ##.#
.......###########.# ##.#
######.............## ##..#
#..............# ##..##
#..............###..##
#......†........##.##


There were no monsters in sight!

Vanquished Creatures
  2 dart slugs (D:1)
  2 ball pythons (D:1)
  2 endoplasms (D:1)
  A giant cockroach (D:1)
  2 hobgoblins (D:1)
  A quokka (D:1)
  2 bats (D:1)
  4 kobolds (D:1)
  A rat (D:1)
17 creatures vanquished.

Notes
Turn   | Place    | Note
-------+----------+-------------------------------------------
     0 | D:1      | Essalna the Deep Dwarf Conjurer began the quest for the
                  | Orb.
     0 | D:1      | Reached XP level 1. HP: 15/15 MP: 3/3
   223 | D:1      | Reached XP level 2. HP: 19/24 MP: 0/5
   653 | D:1      | Reached skill level 1 in Fighting
   833 | D:$      | Got out of the dungeon alive.

Illustrated notes

Levels and vault maps discovered:
D:1:      eino_arrival_tree_alley, layout_basic

Skill      XL: |  1  2 |
---------------+-------+-----
Spellcasting   | 2 |  2.1
Fighting       | 1 |  1.1
Dodging        | |  2.1
Stealth        | |  2.4
Conjurations   | |  3.9

Action                   || total
-------------------------++-------
Melee: Staff             ||     6
 Cast: Magic Dart        ||    33
Armor: Robe              ||     6
Dodge: Dodged            ||    19

Table legend: (Time is in decaauts)
 A = Elapsed time spent in this place.
 B = Non-inter-level travel time spent in this place.
 C = Inter-level travel time spent in this place.
 D = Time resting spent in this place.
 E = Time spent auto-exploring this place.
 F = Levels seen in this place.
 G = Mean time per level.
                   A        B        C        D        E       F      G
               +--------+--------+--------+--------+--------+-----+--------+
         Total |    832 |    801 |     31 |      0 |    689 |   1 |  832.0 |
       Dungeon |    832 |    801 |     31 |      0 |    689 |   1 |  832.0 |
               +--------+--------+--------+--------+--------+-----+--------+

Top non-repeatable levels by time:
     D:1: 832 daAuts
